 Dungeon Crawl Stone Soup version 0.31-a0-261-g072fdb8a1f (webtiles) character file.

Game seed: 17531623766568895973

84 qw the Shooter (level 4, -11/26 HPs)
             Began as a Gargoyle Hexslinger on July 13, 2023.
             Was an Initiate of Okawaru.
             Mangled by an ogre
             ... wielding a +0 giant club
              (15 damage)
             ... on level 3 of the Dungeon.
             The game lasted 00:00:47 (2091 turns).

qw the Shooter (Gargoyle Hexslinger)                Turns: 2091, Time: 00:00:48

Health: -11/26     AC:  8    Str: 18    XL:     4   Next: 45%
Magic:  5/5        EV: 11    Int: 13    God:    Okawaru [......]
Gold:   143        SH:  0    Dex: 14    Spells: 4/5 levels left

rFire   . . .        Y - +1 sling
rCold   . . .        (no shield)
rNeg    + . .        d - +0 ring mail
rPois   inf          (no helmet)
rElec   +            (no cloak)
rCorr   .            (no gloves)
SInv    .            (no boots)
Will    .....        j - amulet of faith
Stlth   +            a - +6 ring of strength
HPRegen 0.24/turn    (no ring)
MPRegen 0.09/turn

%: faith
@: no status effects
A: sickness immunity, AC +3, negative energy resistance 1, electricity
resistance, torment resistance 1, petrification resistance
a: Renounce Religion


You were on level 3 of the Dungeon.
You worshipped Okawaru.
Okawaru was noncommittal.
You visited 1 branch of the dungeon, and saw 4 of its levels.

You collected 143 gold pieces.


Innate Abilities, Weirdness & Mutations

You are immune to sickness and miasma.
Your stone body is resilient. (AC +3)
You are immune to poison.
You resist negative energy. (rN+)
You are resistant to electric shocks. (rElec)
You are resistant to unholy torment.
You are immune to petrification.


   Skills:
 - Level 2.1 Fighting
 + Level 4.0 Ranged Weapons
 - Level 1.0 Armour
 - Level 1.5 Dodging
 - Level 1.0 Spellcasting
 - Level 2.6 Hexes


You had 4 spell levels left.
You knew the following spells:

 Your Spells              Type           Power      Damage    Failure   Level
a - Slow                  Hex            28%        N/A       17%         1

Your spell library contained the following spells:

 Spells                   Type           Power      Damage    Failure   Level
 Inner Flame              Hex/Fire       4%         N/A       65%         3
 Portal Projectile        Hex/Tloc       8%         N/A       65%         3
 Cause Fear               Hex            3%         N/A       86%         4

Inventory:

Hand Weapons
 Y - a +1 sling (weapon)
Armour
 d - a +0 ring mail (worn)
Jewellery
 a - a +6 ring of strength (left hand)
 f - a ring of fire
 j - an amulet of faith (around neck)
Scrolls
 c - a scroll of identify
Potions
 b - a potion of resistance
 e - a potion of mutation
 g - a potion of enlightenment {unknown}
 h - a potion of curing
 i - a potion of ambrosia {unknown}

Dungeon Overview and Level Annotations

Branches:
Dungeon (4/15)
 Temple: D:4-7

Altars:
Okawaru


Message History

There is a stone staircase leading down here.
You climb downwards.
The ogre shouts!
Found a stone staircase leading down.
There is a stone staircase leading up here.
An ogre is nearby!
Waypoint 3 assigned to D:4.
You shoot a sling bullet.
The sling bullet hits the ogre but does no damage.
You shoot a sling bullet.
The sling bullet barely misses the ogre.
You shoot a sling bullet.
The sling bullet barely misses the ogre.
You shoot a sling bullet. The sling bullet hits the ogre.
The ogre is moderately wounded.
The ogre hits you with a +0 giant club!!
Ouch! That really hurt!
2084 ||| STAIRDANCE The ogre closely misses you.
You climb upwards.
There is a stone staircase leading down here.
You shoot a sling bullet.
The sling bullet barely misses the ogre.
The ogre misses you.
You shoot a sling bullet. The sling bullet hits the ogre.
The ogre is heavily wounded.
The ogre closely misses you.
You shoot a sling bullet. The sling bullet hits the ogre.
The ogre is severely wounded.
The ogre barely misses you.
You shoot a sling bullet.
The sling bullet hits the ogre but does no damage.
The ogre is severely wounded.
You shoot a sling bullet. The sling bullet hits the ogre.
The ogre is severely wounded.
The ogre closely misses you.
You shoot a sling bullet. The sling bullet hits the ogre.
The ogre is severely wounded.
The ogre hits you with a +0 giant club!
Ouch! That really hurt!
You die...

.................###.### #.#
.................#...# #.#
.................#.###########.#
.................#......)......#
...........<.##..#..############
............###..#..#.....#
............# #..#..##.##.#
.###.......####O.#.....##.#
...+............@##.#####.#
.###.............##.#.....#
.###.............##.#.#####
#................##.#.#
#.........##.###.##.#.#
#........#####>####.#.#
+.........####'####.#.#
....##....#~~~)~~~###.#
..........#.~~~~~.# #)#


You could see an ogre.

Vanquished Creatures
  3 adders
  A dart slug (D:1)
  2 endoplasms
  2 giant cockroaches (D:2)
  13 goblins
  5 hobgoblins
  7 kobolds
  A quokka (D:2)
  5 ball pythons
  4 bats
  3 frilled lizards
  6 rats
52 creatures vanquished.

Notes
Turn   | Place    | Note
-------+----------+-------------------------------------------
     0 | D:1      | qw the Gargoyle Hexslinger began the quest for the Orb.
     0 | D:1      | Reached XP level 1. HP: 12/12 MP: 2/2
     0 | D:1      | 0 ||| qw: Version: 0.3-a-52-g30416fa
     0 | D:1      | 0 ||| qw: Game counter: 6964
     0 | D:1      | 0 ||| qw: Melee chars always use a shield: true
     0 | D:1      | 0 ||| qw: God list: Okawaru
     0 | D:1      | 0 ||| qw: Allow faded altars: false
     0 | D:1      | 0 ||| qw: Do Orc after clearing Dungeon:15 true
     0 | D:1      | 0 ||| qw: Do second Lair branch before Depths: true
     0 | D:1      | 0 ||| qw: Lair rune preference: random
     0 | D:1      | 0 ||| qw: Goals: Normal
     0 | D:1      | 0 ||| PLANNING D:1-11
   128 | D:1      | Reached XP level 2. HP: 16/16 MP: 3/3
   177 | D:1      | Reached skill level 3 in Ranged Weapons
   476 | D:1      | 476 ||| UPGRADING to +0 ring mail.
   486 | D:1      | 486 ||| DROPPING +0 robe.
   487 | D:1      | 487 ||| READING scroll labelled TUFFIE SEM WIM.
   488 | D:1      | 488 ||| DROPPING scroll of poison.
   589 | D:2      | Reached XP level 3. HP: 16/21 MP: 4/4
  1207 | D:2      | 1207 ||| UPGRADING to +6 ring of strength.
  1208 | D:2      | 1208 ||| READING 2 scrolls labelled ECOQUU WAFUHU.
  1209 | D:2      | 1209 ||| READING scroll labelled OHENUU CENUHUI.
  1210 | D:2      | 1210 ||| DRINKING 2 lumpy emerald potions.
  1228 | D:2      | 1228 ||| DROPPING potion of lignification.
  1257 | D:3      | 1257 ||| STAIRDANCE
  1300 | D:3      | Reached XP level 4. HP: 24/26 MP: 5/5
  1433 | D:3      | Reached skill level 4 in Ranged Weapons
  1712 | D:3      | Reached skill level 1 in Armour
  1749 | D:3      | Found an iron altar of Okawaru.
  1750 | D:3      | 1750 ||| PLANNING OKAWARU WORSHIP
  1750 | D:3      | 1750 ||| UPGRADING to amulet of faith.
  1755 | D:3      | 1755 ||| DRINKING 2 coppery potions.
  1756 | D:3      | 1756 ||| READING 3 scrolls of identify.
  1756 | D:3      | 1756 ||| IDENTIFYING sedimented pink potion
  1757 | D:3      | 1757 ||| READING 2 scrolls of identify.
  1757 | D:3      | 1757 ||| IDENTIFYING viscous golden potion
  1763 | D:3      | Became a worshipper of Warmaster Okawaru
  1764 | D:3      | 1764 ||| PLANNING D:1-11
  2079 | D:4      | Noticed an ogre
  2083 | D:4      | HP: 2/26 [ogre/+0 giant club (24)]
  2084 | D:4      | 2084 ||| STAIRDANCE
  2091 | D:3      | Mangled by an ogre

Levels and vault maps discovered:
D:1:      dpeg_arrival_tiny_c, layout_basic
D:2:      layout_loops_ring
D:3:      layout_basic, mainiacjoe_overflow_small_starburst,
          minmay_misc_feat_diagonals, skrybe_limestone_x, minmay_goblin_outpost
D:4:      layout_basic, biasface_ghost_orc_armoury

Skill      XL: |  1  2  3  4 |
---------------+-------------+-----
Ranged Weapons | 3 4 |  4.0
Fighting       | 2 |  2.1
Armour         | 1 |  1.0
Dodging        | |  1.5
Spellcasting   | |  1.0
Hexes          | |  2.6

Action                     |  1- 3 |  4- 6 || total
---------------------------+-------+-------++-------
   Fire: Sling             |   108 |    69 ||   177
    Use: Scroll            |     3 |     2 ||     5
         Potion            |     1 |     1 ||     2
 Armour: Robe              |     5 |       ||     5
         Ring mail         |    30 |    15 ||    45
  Dodge: Dodged            |    37 |    16 ||    53

Table legend:
 A = Non-vault XP
 B = Vault XP
 C = Vault XP percentage of total XP
 D = Non-vault monster count
 E = Vault monster count
 F = Vault count percentage of total count
                 A         B        C        D         E       F
            +---------+---------+-------+---------+---------+-------
      Total |     110 |      10 |   8.3 |      47 |       5 |   9.6
            +---------+---------+-------+---------+---------+-------
        D:1 |      23 |       0 |   0.0 |      13 |       0 |   0.0
        D:2 |      47 |       0 |   0.0 |      15 |       0 |   0.0
        D:3 |      40 |      10 |  20.0 |      19 |       5 |  20.8
            +---------+---------+-------+---------+---------+-------
